 Dungeon Crawl Stone Soup version 0.30-a0-354-g6b83867211 (webtiles) character file.

Game seed: 15093385634779904534

372396 baller8008 the Hoplite (level 21, 0/253 (261) HPs)
             Began as an Armataur Fighter on Nov 7, 2022.
             Was the Champion of Jiyva.
             Slain by a lich (1 damage)
             ... on level 1 of the Tomb of the Ancients.
             The game lasted 01:21:58 (31804 turns).

baller8008 the Hoplite (Armataur Fighter)          Turns: 31804, Time: 01:21:59

HP:   0/253 (261)   AC: 44    Str: 33 (34) XL:     21   Next: 37%
MP:   21/21         EV:  3    Int: 16      God:    Jiyva [******]
Gold: 1584          SH: 32    Dex: 17      Spells: 20/20 levels left

rFire   + . .      SeeInvis +    O - +8 broad axe "Naatek" {pain, rF+ Dex+7 SInv Stlth+}
rCold   + + .      Faith    .    h - +0 tower shield
rNeg    . . .      Spirit   .    s - +8 orange crystal plate armour {Archmagi, Int+3 Clar}
rPois   .          Reflect  +    (no helmet)
rElec   .          Harm     .    (no cloak)
rCorr   +          Roll     +    T - +0 pair of gloves of Experimentation {rC++ Regen+ Int+2 Dex-2}
Will    ++...      Archmagi +    C - +2 barding
Stlth   .......... Clarity  +    L - amulet of reflection
HPRegen 3.02/turn                G - ring of see invisible
MPRegen 0.67/turn                S - +4 ring of protection

@: mighty, about to teleport, marked, calling ooze, slowed, lightly drained,
very slow
A: large, rugged brown scales 3, deformed body, armoured tail, roll, long
tongue, awkward tongue, large bone plates 1, agile 1, clever 1, deterioration 2,
strong-willed 1, robust 3, strong 1, wild magic 2, pseudopods 3, translucent
skin 1
}: 3/15 runes: barnacled, slimy, gossamer
a: Renounce Religion, Oozemancy, Slimify


You were on level 1 of the Tomb of the Ancients.
You worshipped Jiyva.
Jiyva was exalted by your worship.
You visited 8 branches of the dungeon, and saw 38 of its levels.
You visited the Abyss 2 times.
You visited 2 bazaars.

You collected 2756 gold pieces.
You spent 1172 gold pieces at shops.

Inventory:

Hand Weapons
 a - a +2 spectral war axe
 n - the +6 dagger of the Head {venom, *Noise rPois Int+3 Stlth+}
   (You found it on level 2 of the Dungeon)

   It poisons the flesh of those it strikes.
   Int:       It affects your intelligence (+3).
   rPois:     It protects you from poison.
   *Noise:    It may make noises in combat.
   Stlth:     It makes you more stealthy.
 w - the +9 battleaxe "Idiewnan" {vorpal, +Blink rElec rC+ Str-5}
   (You bought it in a shop on level 9 of the Dungeon)

   It inflicts extra damage upon your enemies.
   Str:       It affects your strength (-5).
   rC:        It protects you from cold.
   rElec:     It insulates you from electricity.
   +Blink:    It lets you blink.
 B - the +11 bardiche "Ropos" {drain, Drain Fly Str+3}
   (You took it off a vampire knight on level 3 of the Crypt)

   A truly terrible weapon, it drains the life of any living foe it strikes.
   Str:       It affects your strength (+3).
   Fly:       It grants you flight.
   Drain:     It drains your maximum health when unequipped.
 E - the +9 war axe of Amunliz {antimagic, rCorr}
   (You found it on level 11 of the Dungeon)

   It reduces the magical energy of the wielder, and disrupts the spells and
   magical abilities of those it strikes.
   Natural abilities and divine invocations are not affected.
   rCorr:     It protects you from acid and corrosion.
 F - the +5 morningstar of Reason {holy, +Blink}
   (You found it on level 11 of the Dungeon)

   It has been blessed by the Shining One to cause great damage to the undead
   and demons.
   +Blink:    It lets you blink.
 O - the +8 broad axe "Naatek" (weapon) {pain, rF+ Dex+7 SInv Stlth+}
   (You found it on level 3 of the Crypt)

   In the hands of one skilled in necromantic magic, it inflicts extra damage on
   living creatures.
   Dex:       It affects your dexterity (+7).
   rF:        It protects you from fire.
   SInv:      It lets you see invisible.
   Stlth:     It makes you more stealthy.
 U - the +5 broad axe "Z" {freeze, rF+ rC+ rN+ Dex+3}
   (You found it on level 5 of the Pits of Slime)

   It freezes those it strikes, dealing additional cold damage.
   It can also slow down cold-blooded creatures.
   Dex:       It affects your dexterity (+3).
   rF:        It protects you from fire.
   rC:        It protects you from cold.
   rN:        It protects you from negative energy.
 V - the +1 falchion "Earthworm" {drain, *Noise Will+ Str+3}
   (You found it on level 5 of the Pits of Slime)

   A truly terrible weapon, it drains the life of any living foe it strikes.
   Str:       It affects your strength (+3).
   *Noise:    It may make noises in combat.
   Will:      It increases your willpower.
 Y - the +5 arbalest "Taguik" {antimagic, rElec Will- Str+5 Int+2}
   (You found it on level 5 of the Pits of Slime)

   It reduces the magical energy of the wielder, and disrupts the spells and
   magical abilities of those it strikes.
   Natural abilities and divine invocations are not affected.
   Str:       It affects your strength (+5).
   Int:       It affects your intelligence (+2).
   rElec:     It insulates you from electricity.
   Will:      It decreases your willpower.
Missiles
 m - 11 boomerangs
 K - 2 throwing nets
 M - 7 javelins
Armour
 b - a +0 scale mail
 c - a +0 buckler
 d - a +1 kite shield
 e - a +0 chain mail
 f - a +0 cloak of preservation
 h - a +0 tower shield (worn)
 s - the +8 orange crystal plate armour (worn) {Archmagi, Int+3 Clar}
   (You found it on level 6 of the Dungeon)

   Int:       It affects your intelligence (+3).
   Clar:      It protects you against confusion.
 C - a +2 barding (worn)
 Q - the +5 robe of Night {Dark Will+ SInv}
   (You found it on level 4 of the Spider Nest)

   It shrouds the wearer in darkness, reducing the range at which they can see
   and be seen by others.
   SInv:      It lets you see invisible.
   Will:      It increases your willpower.
 T - the +0 pair of gloves of Experimentation (worn) {rC++ Regen+ Int+2 Dex-2}
   (You found it on level 5 of the Pits of Slime)

   Int:       It affects your intelligence (+2).
   Dex:       It affects your dexterity (-2).
   rC:        It greatly protects you from cold.
   Regen:     It increases your rate of health regeneration.
Jewellery
 G - a ring of see invisible (left hand)
 J - a ring of positive energy
 L - an amulet of reflection (around neck)
 R - a +4 ring of evasion
 S - a +4 ring of protection (right hand)
 W - the ring "Wareong" {Ice rElec Int-5 Dex+4 Stlth+}
   (You found it on level 5 of the Pits of Slime)

   [ring of ice]

   It enhances your ice magic.
   Int:       It affects your intelligence (-5).
   Dex:       It affects your dexterity (+4).
   rF:        It makes you vulnerable to fire.
   rC:        It protects you from cold.
   rElec:     It insulates you from electricity.
   Stlth:     It makes you more stealthy.
 X - the ring of Puth {Wiz rElec rCorr Int+4 Dex+3}
   (You found it on level 5 of the Pits of Slime)

   [ring of wizardry]

   It improves your spell success rate.
   Int:       It affects your intelligence (+4).
   Dex:       It affects your dexterity (+3).
   rElec:     It insulates you from electricity.
   rCorr:     It protects you from acid and corrosion.
 Z - an amulet of magic regeneration
Wands
 l - a wand of charming (30)
 q - a wand of digging (5)
 r - a wand of flame (3)
 t - a wand of light (2) (quivered)
 D - a wand of roots (23)
Scrolls
 g - 6 scrolls of teleportation
 k - 3 scrolls of magic mapping
 o - a scroll of silence {unknown}
 u - 5 scrolls of fear
 x - a scroll of immolation
 y - 4 scrolls of blinking
 H - 2 scrolls of fog
Potions
 j - 10 potions of curing
 p - 4 potions of mutation
 v - 7 potions of flight
 A - 2 potions of magic
 I - a potion of haste
 P - 3 potions of cancellation
Miscellaneous
 N - a condenser vane


   Skills:
 + Level 17.0 Fighting
 + Level 20.2 Axes
 + Level 1.8 Throwing
 + Level 17.7 Armour
 + Level 1.7 Dodging
 + Level 8.9 Stealth
 + Level 22.3 Shields
 + Level 0.1 Unarmed Combat
 + Level 2.1 Evocations


You had 20 spell levels left.
You didn't know any spells.
Your spell library contained the following spells:

 Spells                   Type           Power      Damage    Failure   Level
 Magic Dart               Conj           0%         1d3       99%         1
 Necrotise                Necr           0%         1d4       99%         1
 Call Imp                 Summ           0%         N/A       100%        2
 Ensorcelled Hibernation  Hex/Ice        0%         N/A       100%        2
 Scorch                   Fire           0%         2d5       100%        2
 Searing Ray              Conj           0%         2d4       100%        2
 Confusing Touch          Hex            0%         N/A       100%        3
 Dazzling Flash           Conj/Hex       0%         N/A       100%        3
 Gell's Gravitas          Tloc           0%         N/A       100%        3
 Inner Flame              Hex/Fire       0%         N/A       100%        3
 Lesser Beckoning         Tloc           0%         N/A       100%        3
 Ozocubu's Armour         Ice            0%         N/A       100%        3
 Portal Projectile        Hex/Tloc       0%         N/A       100%        3
 Summon Guardian Golem    Hex/Summ       0%         N/A       100%        3
 Teleport Other           Tloc           0%         N/A       100%        3
 Tukima's Dance           Hex            0%         N/A       100%        3
 Vampiric Draining        Necr           0%         2d6       100%        3
 Flame Wave               Conj/Fire      0%         2d4       100%        4
 Fulminant Prism          Conj/Hex       0%         3d5       100%        4
 Passage of Golubria      Tloc           0%         N/A       100%        4
 Agony                    Necr           0%         N/A       100%        5
 Blade Hands              Tmut           0%         N/A       100%        5
 Irradiate                Conj/Tmut      0%         3d11      100%        5
 Iskenderun's Battlesphe  Conj           0%         2d6       100%        5
 Metabolic Englaciation   Hex/Ice        0%         N/A       100%        5
 Silence                  Hex/Air        0%         N/A       100%        5
 Summon Mana Viper        Hex/Summ       0%         N/A       100%        5
 Yara's Violent Unravell  Hex/Tmut       0%         3d3       100%        5
 Iron Shot                Conj/Erth      0%         9d1       100%        6
 Simulacrum               Ice/Necr       0%         N/A       100%        6
 Summon Cactus Giant      Summ           0%         N/A       100%        6
 Dragon Form              Tmut           0%         N/A       100%        7
 Haunt                    Necr/Summ      0%         N/A       100%        7
 Monstrous Menagerie      Summ           0%         N/A       100%        7
 Spellforged Servitor     Conj/Summ      0%         N/A       100%        7
 Ignition                 Fire           0%         3d3       100%        8


Dungeon Overview and Level Annotations

Branches:
Dungeon (14/15)            Temple (0/1) D:6            Lair (5/5) D:11
 Shoals (4/4) Lair:3       Spider (4/4) Lair:2        Slime (5/5) Lair:5
    Orc (0/2) D:11         Vaults (2/5) D:14          Crypt (3/3) Vaults:2
   Tomb (1/3) Crypt:3

Altars:
Dithmenos
Elyvilon
Fedhas
Okawaru
Trog
Uskayaw
Xom
Yredelemnul
Jiyva
Lugonu

Shops:
D:9 (   D:12 !   Shoals:3 *:![   Vaults:2 [

Portals:
Abyss: Lair:5
Trove: D:10 (give horn of Geryon)

Annotations:
Shoals:2 5 transporters
Slime:5 Royal Jelly


Innate Abilities, Weirdness & Mutations

You are completely covered in rugged brown scales. (AC +3, +7% HP)
Armour fits poorly on your strangely shaped body.
You have a long armoured tail.
You roll when moving toward enemies. (Rampage)
Your long tongue fully drains potion bottles. (2x potion effects)
Your tongue gives you trouble enunciating. (1.5x scroll delay)
You are partially covered in large bone plates. (SH +4)
You are agile. (Dex +4, Str/Int -1)
Your mind is acute. (Int +4, Str/Dex -1)
Your body often deteriorates upon taking damage.
You are strong-willed. (Will+)
You are extremely robust. (+30% HP)
Your muscles are strong. (Str +4, Int/Dex -1)
Your spells are harder to cast, but more powerful.
Armour fits poorly on your massive pseudopods.
Your translucent skin slightly reduces your foes' accuracy. (Stealth+)


Message History

The mummy priest prays to its god.
The wall burns the death scarab! x3; You block the death scarab's attack.
The mummy priest prays to its god.
As you slowly read the scroll of teleportation, it crumbles to dust.
You feel strangely unstable.
The death scarab disappears in a puff of smoke!
The wall burns the death scarab!
The walls burn the death scarab!
The death scarab bites you but does no damage.
The wall burns the death scarab! x2; You block the death scarab's attack.
The wall burns the death scarab! x2
You destroy the death scarab!
The death scarab's corpse disappears in a puff of smoke!
The walls burn the death scarab!
You block the death scarab's attack.
The wall burns the death scarab! x4
You destroy the death scarab!
The death scarab's corpse disappears in a puff of smoke!
The walls burn the death scarab!
You block the death scarab's attack.
The wall burns the death scarab!
The death scarab bites you but does no damage.
The wall burns the death scarab! x2
You destroy the death scarab!
The death scarab's corpse disappears in a puff of smoke!
The walls burn the death scarab!
You destroy the death scarab!
The death scarab's corpse disappears in a puff of smoke!
You block the death scarab's attack. The lich barely misses you.
The wall burns the death scarab! x3
The lich touches you but does no damage.
You block the revenant's attack.
The walls burn the royal mummy!
The wall burns the ufetubus!
The walls burn the death scarab!
The death scarab bites you but does no damage.
The wall burns the death scarab! x2; The wall burns the wraith!
The wall burns the freezing wraith!
The wall burns the death scarab!
The death scarab bites you!
* * * LOW HITPOINT WARNING * * *
The death scarab drains your vigour!
You feel as though you will be slow longer.
The death scarab draws strength from your injuries!
The wall burns the wight!
The lich touches you.
You die...

#.......#
#.8...8.#
#.......#
#.......#
#.8...8.#
#.......#
#...Z5..#
#.8.Zz8.#


#.WWWL@B# ##'BMBB## #.5BMBzM# ....3M.BMBB. .......Wzz..^ ........Z.####
..........# ..........# You could see 2 royal mummies, a revenant, a lich (fast,
invisible), 2 mummy priests, a guardian mummy, 2 freezing wraiths, a spectral
orc warlord (summoned), a ynoxinul (summoned), a wraith (summoned), 9 death
scarabs, a shadow (summoned), a flying skull (summoned), 2 wights, a nagaraja
simulacrum (summoned), 2 ufetubi and an anaconda skeleton (summoned).

Vanquished Creatures
  Josephina (Crypt:2)
  Bai Suzhen (Spider:3)
  A Hell Sentinel (Abyss:3)
  3 liches
  Polyphemus (Shoals:2)
  3 tentacled starspawn
  6 ancient champions
  The ghost of DeathPants the Warrior, an adept MiMo of Gozag (Lair:2)
  2 sphinxes (Tomb:1)
  Gastronok (Lair:1)
  2 tengu reavers (Vaults:1)
  A revenant (Crypt:3)
  5 vault wardens
  10 emperor scorpions
  5 ghost moths
  A juggernaut zombie (Tomb:1)
  2 curse skulls
  A caustic shrike zombie (Crypt:3)
  A cacodemon (Abyss:3)
  An orc warlord (Vaults:1)
  6 ironbound preservers
  2 ghouls (Crypt:3)
  5 ironbound thunderhulks
  4 very ugly things
  A juggernaut skeleton (Crypt:3)
  A stone giant (D:11)
  3 broodmothers
  17 vampire knights
  14 dire elephants
  A deep elf annihilator (Vaults:1)
  A white draconian (Abyss:3)
  A red draconian (Abyss:4)
  2 spark wasps
  2 deep elf death magi
  7 merfolk impalers
  3 eidola
  Snorg (D:12)
  2 merfolk javelineers
  A mummy priest (Tomb:1)
  2 ettins
  4 yaktaur captains
  2 rakshasas (Abyss:3)
  12 jiangshi
  A vault guard (D:14)
  5 hydras
  6 entropy weavers
  Erolcha (D:11)
  2 spriggan zombies (Crypt:3)
  4 catoblepae
  A jorogumo (Spider:3)
  An alligator snapping turtle (Shoals:4)
  2 radroaches
  2 death knights
  A ghost crab (Spider:2)
  2 merfolk avatars (Shoals:4)
  9 boulder beetles
  2 merfolk aquamancers
  A dancing weapon (Crypt:3)
  An Orb Guardian skeleton (Crypt:3)
  7 centaur warriors
  4 satyrs
  21 death scarabs (Tomb:1)
  8 death yaks
  3 hell hogs (Abyss:4)
  5 vampire magi
  9 thrashing horrors
  An emperor scorpion zombie (Crypt:1)
  Urug (Lair:2)
  A soul eater (Crypt:2)
  Amaemon (Lair:3)
  A bunyip zombie (Crypt:3)
  5 wretched stars
  41 skeletal warriors
  2 shadow wraiths
  Lodul (D:12)
  3 sixfirhies
  3 sun moths
  5 pharaoh ants
  27 deep trolls
  A bog body (Crypt:3)
  5 flayed ghosts
  2 spatial maelstroms
  A sphinx zombie (Vaults:2)
  3 spectral wolf spiders (Spider:1)
  3 wizards
  9 sea snakes
  2 spriggan simulacra
  15 steelbarb worms
  6 ironbound convokers
  7 orb spiders
  2 orc knights (Vaults:1)
  29 harpies
  19 phantasmal warriors
  An iron giant skeleton (Crypt:1)
  An iron dragon zombie (Crypt:3)
  5 necromancers
  3 lindwurms (Vaults:1)
  A harpy (shapeshifter) (D:14)
  5 wolf spider zombies (Spider:1)
  15 ugly things
  3 oklob plants
  17 wolf spiders
  A stone giant zombie (Crypt:1)
  3 cyclopes
  A fire giant zombie (Crypt:3)
  18 fauns
  A moth of wrath (Spider:4)
  A frost giant skeleton (Vaults:2)
  7 manticores
  3 worldbinders
  10 vault sentinels
  2 naga zombies
  8 merfolk sirens
  A titan simulacrum (Crypt:3)
  5 black mambas
  26 elephants
  An apocalypse crab (Abyss:3)
  An eleionoma skeleton (Crypt:3)
  5 water nymphs
  A rust devil (Abyss:3)
  A dire elephant zombie (Crypt:3)
  2 centaur zombies (Crypt:3)
  2 gargoyles (D:12)
  An emperor scorpion simulacrum (Crypt:1)
  24 cane toads
  10 torpor snails
  A dire elephant skeleton (Crypt:1)
  16 smoke demons
  3 demonic crawlers (Spider:3)
  A storm dragon simulacrum (Crypt:1)
  A purple draconian zombie (Crypt:3)
  2 rime drakes
  2 orange demons
  An unseen horror (D:13)
  A centaur skeleton (Tomb:1)
  15 yaktaurs
  15 komodo dragons
  Maggie (D:6)
  2 freezing wraiths (Crypt:1)
  A komodo dragon (shapeshifter) (D:13)
  A redback zombie (Crypt:1)
  A tormentor (Abyss:3)
  A human skeleton (Vaults:2)
  An efreet (Abyss:4)
  3 hellwings (Abyss:3)
  9 guardian mummies
  3 ancient zymes
  A sea snake skeleton (Crypt:1)
  A harpy zombie (Tomb:1)
  4 tyrant leeches (Spider:2)
  A hydra zombie (Crypt:3)
  An iron troll skeleton (Crypt:2)
  19 merfolk
  A harpy skeleton (Crypt:3)
  3 meliai (Spider:1)
  2 trolls
  5 wind drakes
  3 polar bears
  An ettin zombie (Vaults:2)
  6 wolf spider simulacra (Spider:1)
  19 tarantellas
  6 raiju
  2 raiju (shapeshifter) (D:13)
  52 blink frogs
  10 dream sheep
  9 snapping turtles
  A satyr zombie (Crypt:1)
  A black mamba zombie (Crypt:3)
  17 small abominations
  10 water elementals
  24 jumping spiders
  2 centaur simulacra
  An alligator skeleton (Crypt:2)
  11 flying skulls
  25 wraiths
  52 yaks
  23 culicivoras
  5 wyverns
  2 naga simulacra
  2 spriggans (Lair:5)
  5 basilisks
  3 fire bats (Abyss:3)
  2 shadows
  An ettin skeleton (Abyss:3)
  Eustachio (D:6)
  4 ynoxinuls
  A dire elephant simulacrum (Crypt:2)
  A steam dragon (D:7)
  A neqoxec (Abyss:3)
  32 redbacks
  16 vampire mosquitoes
  12 large abominations
  A two-headed ogre zombie (Crypt:3)
  2 spatial vortices (Abyss:3)
  3 harpy simulacra
  10 water moccasins
  2 acid dragons (D:11)
  A fire bat skeleton (Crypt:3)
  2 ice beasts
  2 sky beasts
  41 starcursed masses
  12 orc warriors
  5 centaurs
  20 wolves
  11 ogres
  A boggart (D:14)
  A lindwurm skeleton (Crypt:2)
  A blink frog skeleton (Crypt:3)
  A phantom (D:5)
  A rime drake zombie (Crypt:3)
  4 kobold brigands
  A glowing shapeshifter simulacrum (Vaults:2)
  3 gnoll sergeants
  2 scorpions
  A water moccasin zombie (Crypt:1)
  11 bullfrogs
  3 necrophages
  3 wights (D:8)
  2 cyclops skeletons
  10 killer bees
  A polar bear skeleton (Crypt:1)
  A shapeshifter skeleton (Crypt:2)
  8 howler monkeys
  4 electric eels (Lair:5)
  A wolf skeleton (Crypt:3)
  A lava snake (Lair:5)
  A quasit (Abyss:4)
  11 orc priests
  2 gnoll boudas
  3 hounds
  5 iguanas
  4 orc wizards
  3 mummies (Tomb:1)
  6 adders
  12 gnolls
  2 shadow imps
  3 white imps
  2 ufetubi
  3 worms
  3 dart slugs
  45 orcs
  5 bats
  3 endoplasms (D:1)
  A giant cockroach (D:2)
  12 goblins
  6 hobgoblins
  2 jackals (D:1)
  A quokka (D:5)
  7 ball pythons
  2 frilled lizards
  A frilled lizard skeleton (Crypt:2)
  A hobgoblin zombie (Crypt:2)
  A jackal skeleton (Crypt:2)
  31 kobolds
  10 rats
  A butterfly (Lair:4)
  2 starspawn tentacles
1469 creatures vanquished.

Vanquished Creatures (collateral kills)
  A lich (Abyss:3)
  A ghost moth (Spider:4)
  Louise (Spider:3)
  A curse skull (Crypt:2)
  An ophan (Abyss:3)
  A merfolk aquamancer (Shoals:4)
  A vampire mage (Crypt:2)
  A deep troll (Vaults:2)
  A steelbarb worm (Spider:4)
  A large abomination (Abyss:3)
  A torpor snail (Spider:4)
  A demonic crawler (Spider:4)
  A snapping turtle (Shoals:4)
  2 jumping spiders (Spider:4)
  A culicivora (Spider:4)
  A redback (Spider:4)
  A wolf skeleton (Crypt:3)
18 creatures vanquished.

Vanquished Creatures (others)
  A fire giant (Vaults:1)
  An ironbound preserver (Vaults:2)
  A broodmother (Spider:4)
  3 great orbs of eyes
  A deep troll (Vaults:2)
  6 glowing orange brains
  2 shining eyes (Abyss:4)
  8 large abominations (Abyss:4)
  A black mamba (Abyss:3)
  16 slime creatures
  A raiju (Abyss:4)
  A jumping spider (Spider:3)
  A wraith (D:12)
  A culicivora (Spider:2)
  3 golden eyes (Abyss:4)
  2 redbacks (Spider:4)
  4 spatial vortices (Abyss:4)
  A naga (Abyss:3)
  A floating eye (Abyss:4)
  3 water moccasins
  A black bear (D:4)
  2 centaurs (D:8)
  A kobold brigand (D:8)
  A bullfrog (Lair:2)
  A lava snake (Lair:5)
  120 jellies
  A quasit (Abyss:4)
  An orc priest (D:5)
  7 small abominations (Abyss:4)
  A mummy (Tomb:1)
  2 gnolls (D:5)
  An adder (D:5)
  5 orcs
  A bat (D:3)
  A hobgoblin (D:4)
  7 kobolds
  A quokka (D:3)
  A bush (Abyss:4)
  3 butterflies (Lair:4)
  9 demonic plants
  72 fungi
  360 plants
  10 starspawn tentacles
667 creatures vanquished.

Grand Total: 2154 creatures vanquished

Notes
Turn   | Place    | Note
-------+----------+-------------------------------------------
     0 | D:1      | baller8008 the Armataur Fighter began the quest for the
                  | Orb.
     0 | D:1      | Reached XP level 1. HP: 19/19 MP: 1/1
   278 | D:1      | Reached XP level 2. HP: 9/26 MP: 2/2
   834 | D:1      | Reached XP level 3. HP: 33/33 MP: 3/3
  1127 | D:2      | Identified the +6 dagger of the Head {venom, *Noise rPois
                  | Int+3 Stlth+}
  1167 | D:2      | Found a faded altar of an unknown god.
  1205 | D:2      | Prayed at the altar of an unknown god.
  1205 | D:2      | Became a worshipper of Jiyva Jitaxzen the Shapeless
  1205 | D:2      | Reached * piety under Jiyva
  1569 | D:3      | Reached XP level 4. HP: 33/40 MP: 4/4
  1798 | D:3      | Reached ** piety under Jiyva
  1847 | D:3      | Found a shimmering altar of Xom.
  1952 | D:3      | Found a snail-covered altar of Cheibriados.
  1952 | D:3      | Found a blossoming altar of Fedhas.
  1954 | D:3      | Found a shimmering blue altar of Sif Muna.
  1954 | D:3      | Found a shadowy altar of Dithmenos.
  1954 | D:3      | Found a sparkling altar of Nemelex Xobeh.
  2255 | D:4      | Reached skill level 5 in Armour
  2255 | D:4      | Reached XP level 5. HP: 31/48 MP: 5/5
  2431 | D:4      | Reached XP level 6. HP: 51/54 MP: 6/6
  2533 | D:4      | Reached *** piety under Jiyva
  3303 | D:5      | Entered Level 5 of the Dungeon
  3363 | D:5      | Reached skill level 4 in Shields
  3364 | D:5      | Gained mutation: Your melee attacks may engulf your foes in
                  | ooze. [Jiyva's grace]
  3364 | D:5      | Gained mutation: Your translucent skin slightly reduces
                  | your foes' accuracy. (Stealth+) [Jiyva's grace]
  3364 | D:5      | Gained mutation: Your translucent skin reduces your foes'
                  | accuracy. (Stealth+) [Jiyva's grace]
  3364 | D:5      | Gained mutation: Your transparent skin significantly
                  | reduces your foes' accuracy. (Stealth+) [Jiyva's grace]
  3380 | D:5      | Noticed a water moccasin
  3386 | D:5      | Killed a water moccasin
  3387 | D:5      | Reached XP level 7. HP: 48/62 MP: 7/7
  3463 | D:5      | Reached skill level 5 in Axes
  3479 | D:5      | Found a basalt altar of Yredelemnul.
  3510 | D:5      | Reached **** piety under Jiyva
  3919 | D:6      | Noticed Maggie
  3931 | D:6      | Killed Maggie
  3932 | D:6      | Reached XP level 8. HP: 61/71 MP: 8/8
  3950 | D:6      | Found a large runed translucent door.
  4153 | D:6      | Found a large runed translucent door.
  4153 | D:6      | Found a large runed translucent door.
  4157 | D:6      | Found the +8 orange crystal plate armour {Archmagi, Int+3
                  | Clar}
  4174 | D:6      | Found a large runed translucent door.
  4226 | D:6      | Found a staircase to the Ecumenical Temple.
  4300 | D:6      | Reached skill level 1 in Dodging
  4300 | D:6      | Reached skill level 1 in Stealth
  4425 | D:6      | Noticed Eustachio
  4436 | D:6      | Killed Eustachio
  4559 | D:6      | Noticed a boulder beetle
  4567 | D:6      | Killed a boulder beetle
  4568 | D:6      | Reached skill level 5 in Fighting
  4568 | D:6      | Reached skill level 5 in Shields
  4568 | D:6      | Reached XP level 9. HP: 75/79 MP: 9/9
  4763 | D:7      | Found an iron altar of Okawaru.
  4946 | D:7      | Found a shadowy altar of Dithmenos.
  4994 | D:7      | Identified the +0 ring mail "Qiarch" {Harm}
  5451 | D:8      | Gained mutation: You have large cloven feet. [Jiyva's
                  | grace]
  5451 | D:8      | Gained mutation: You have hoof-like feet. [Jiyva's grace]
  5451 | D:8      | Gained mutation: You have hooves in place of feet. [Jiyva's
                  | grace]
  5451 | D:8      | Gained mutation: Your system is resistant to poisons.
                  | (rPois) [Jiyva's grace]
  5535 | D:8      | Reached ***** piety under Jiyva
  5610 | D:8      | Reached XP level 10. HP: 84/88 MP: 10/10
  5627 | D:8      | Found a bloodstained altar of Trog.
  6058 | D:9      | Found Aluwausch's Antique Weapon Shoppe.
  6070 | D:9      | Bought a jewelled battleaxe for 333 gold pieces
  6070 | D:9      | Identified the +9 battleaxe "Idiewnan" {vorpal, +Blink
                  | rElec rC+ Str-5} (You bought it in a shop on level 9 of the
                  | Dungeon)
  6236 | D:9      | Found a hide-covered altar of Uskayaw.
  6239 | D:9      | Found a blossoming altar of Fedhas.
  6244 | D:9      | Found a white marble altar of Elyvilon.
  6374 | D:9      | Lost mutation: You have hooves in place of feet. [Jiyva's
                  | grace]
  6374 | D:9      | Lost mutation: You have hoof-like feet. [Jiyva's grace]
  6374 | D:9      | Lost mutation: Your system is resistant to poisons. (rPois)
                  | [Jiyva's grace]
  6374 | D:9      | Lost mutation: Your transparent skin significantly reduces
                  | your foes' accuracy. (Stealth+) [Jiyva's grace]
  6374 | D:9      | Gained mutation: You have a pair of small horns on your
                  | head. [Jiyva's grace]
  6374 | D:9      | Gained mutation: You have a pair of horns on your head.
                  | [Jiyva's grace]
  6374 | D:9      | Gained mutation: You have a pair of large horns on your
                  | head. [Jiyva's grace]
  6374 | D:9      | Gained mutation: You have acidic saliva. [Jiyva's grace]
  6393 | D:9      | Lost mutation: Your translucent skin reduces your foes'
                  | accuracy. (Stealth+) [potion of mutation]
  6393 | D:9      | Lost mutation: You have large cloven feet. [potion of
                  | mutation]
  6393 | D:9      | Lost mutation: You have a pair of large horns on your head.
                  | [potion of mutation]
  6393 | D:9      | Lost mutation: You have acidic saliva. [potion of mutation]
  6393 | D:9      | Gained mutation: You are partially covered in iridescent
                  | scales. (AC +2) [potion of mutation]
  6393 | D:9      | Gained mutation: You have a pair of large horns on your
                  | head. [potion of mutation]
  6393 | D:9      | Gained mutation: You have hidden genetic defects. [potion
                  | of mutation]
  6393 | D:9      | Gained mutation: Your tail ends in a venomous barb. [potion
                  | of mutation]
  6512 | D:9      | Reached skill level 10 in Axes
  6770 | D:10     | Entered Level 10 of the Dungeon
  6935 | D:10     | Reached skill level 10 in Armour
  6971 | D:10     | Reached ****** piety under Jiyva
  6983 | D:10     | Reached skill level 6 in Shields
  7004 | D:10     | Gained mutation: You are weak. (Str -2) [hidden defects]
  7232 | D:10     | Reached XP level 11. HP: 89/97 MP: 11/11
  7308 | D:10     | Gained mutation: You occasionally lose the ability to drink
                  | potions when taking damage. [hidden defects]
  7308 | D:10     | Lost mutation: You have hidden genetic defects. [hidden
                  | defects expressed]
  7453 | D:10     | Found a portal to a secret trove of treasure.
  7953 | D:11     | Lost mutation: Your tail ends in a venomous barb. [Jiyva's
                  | grace]
  7953 | D:11     | Lost mutation: You are weak. (Str -2) [Jiyva's grace]
  7953 | D:11     | Lost mutation: Your translucent skin slightly reduces your
                  | foes' accuracy. (Stealth+) [Jiyva's grace]
  7953 | D:11     | Gained mutation: Your rubbery body absorbs attacks. (AC +1,
                  | EV +1) [Jiyva's grace]
  7953 | D:11     | Gained mutation: Your pliable body absorbs attacks. (AC +2,
                  | EV +2) [Jiyva's grace]
  7953 | D:11     | Gained mutation: Your gelatinous body deflects attacks. (AC
                  | +3, EV +3) [Jiyva's grace]
  7953 | D:11     | Gained mutation: Your body has grown eyes which may confuse
                  | attackers. (Acc +3) [Jiyva's grace]
  7960 | D:11     | Noticed Erolcha
  7974 | D:11     | Killed Erolcha
  8014 | D:11     | Found a staircase to the Orcish Mines.
  8142 | D:11     | Noticed a boulder beetle
  8146 | D:11     | Killed a boulder beetle
  8159 | D:11     | Found a staircase to the Lair.
  8189 | D:11     | Noticed a skeletal warrior
  8189 | D:11     | Noticed a skeletal warrior
  8190 | D:11     | Noticed a skeletal warrior
  8204 | D:11     | Killed a skeletal warrior
  8204 | D:11     | Killed a skeletal warrior
  8205 | D:11     | Reached skill level 7 in Shields
  8205 | D:11     | Killed a skeletal warrior
  8446 | D:11     | Found a runed translucent door.
  8446 | D:11     | Noticed a centaur warrior
  8448 | D:11     | Noticed an ettin
  8453 | D:11     | Killed a centaur warrior
  8465 | D:11     | Killed an ettin
  8492 | D:11     | Noticed a centaur warrior
  8495 | D:11     | Killed a centaur warrior
  8496 | D:11     | Reached XP level 12. HP: 108/108 MP: 12/12
  8503 | D:11     | Noticed a stone giant
  8510 | D:11     | Killed a stone giant
  8531 | D:11     | Identified the +9 war axe of Amunliz {antimagic, rCorr}
  8534 | D:11     | Identified the +5 morningstar of Reason {holy, +Blink}
  8931 | D:12     | Noticed Snorg
  8939 | D:12     | Killed Snorg
  8940 | D:12     | Reached skill level 8 in Shields
  9138 | D:12     | Noticed Lodul
  9151 | D:12     | Killed Lodul
  9399 | D:12     | Found Xosun's Distillery.
  9549 | Lair:1   | Entered Level 1 of the Lair of Beasts
  9836 | Lair:1   | Reached skill level 1 in Throwing
  9841 | Lair:1   | Noticed Gastronok
  9862 | Lair:1   | Killed Gastronok
  9863 | Lair:1   | Reached skill level 9 in Shields
  9863 | Lair:1   | Reached XP level 13. HP: 117/117 MP: 13/13
  9914 | Lair:1   | Lost mutation: Your body has grown eyes which may confuse
                  | attackers. (Acc +3) [Jiyva's grace]
  9914 | Lair:1   | Lost mutation: Your gelatinous body deflects attacks. (AC
                  | +3, EV +3) [Jiyva's grace]
  9914 | Lair:1   | Lost mutation: Your melee attacks may engulf your foes in
                  | ooze. [Jiyva's grace]
  9914 | Lair:1   | Gained mutation: Your mind is acute. (Int +4, Str/Dex -1)
                  | [Jiyva's grace]
  9914 | Lair:1   | Gained mutation: Your mind is very acute. (Int +8, Str/Dex
                  | -2) [Jiyva's grace]
  9914 | Lair:1   | Gained mutation: You expend magic power (3 MP) to
                  | strengthen your wands. [Jiyva's grace]
  9914 | Lair:1   | Gained mutation: Your body has grown eyes which may confuse
                  | attackers. (Acc +3) [Jiyva's grace]
 10495 | Lair:2   | Found a runed translucent door.
 10503 | Lair:2   | Noticed DeathPants's ghost (adept MiMo)
 10541 | Lair:2   | Noticed Urug
 10563 | Lair:2   | Killed Urug
 10759 | Lair:2   | Found a hole to the Spider Nest.
 11140 | Spider:1 | Entered Level 1 of the Spider Nest
 11402 | Lair:3   | Found a staircase to the Shoals.
 11413 | Lair:3   | Noticed Amaemon
 11426 | Lair:3   | Killed Amaemon
 11652 | Lair:3   | Reached skill level 10 in Shields
 11665 | Lair:3   | Reached XP level 14. HP: 75/127 MP: 14/14
 11755 | Lair:3   | Gained mutation: You are resistant to electric shocks.
                  | (rElec) [Jiyva's grace]
 11755 | Lair:3   | Gained mutation: Your body has grown many eyes which may
                  | confuse attackers. (Acc +5) [Jiyva's grace]
 11755 | Lair:3   | Gained mutation: Your body is covered in eyes which may
                  | confuse attackers. (Acc +7, SInv) [Jiyva's grace]
 11755 | Lair:3   | Gained mutation: Your tail ends in a venomous barb.
                  | [Jiyva's grace]
 11768 | Lair:3   | Reached skill level 10 in Fighting
 12158 | Lair:3   | Reached skill level 5 in Stealth
 12174 | Lair:3   | Reached skill level 15 in Axes
 12550 | Lair:4   | Identified the +0 robe "Gaschoxky" {rElec rPois Slay-6
                  | SInv}
 12931 | Lair:4   | Lost mutation: You have a pair of large horns on your head.
                  | [Jiyva's grace]
 12931 | Lair:4   | Lost mutation: Your tail ends in a venomous barb. [Jiyva's
                  | grace]
 12931 | Lair:4   | Lost mutation: You are resistant to electric shocks.
                  | (rElec) [Jiyva's grace]
 12931 | Lair:4   | Lost mutation: Your body is covered in eyes which may
                  | confuse attackers. (Acc +7, SInv) [Jiyva's grace]
 12931 | Lair:4   | Lost mutation: Your pliable body absorbs attacks. (AC +2,
                  | EV +2) [Jiyva's grace]
 12931 | Lair:4   | Lost mutation: Your rubbery body absorbs attacks. (AC +1,
                  | EV +1) [Jiyva's grace]
 12931 | Lair:4   | Lost mutation: You expend magic power (3 MP) to strengthen
                  | your wands. [Jiyva's grace]
 12931 | Lair:4   | Gained mutation: Your melee attacks may engulf your foes in
                  | ooze. [Jiyva's grace]
 12931 | Lair:4   | Gained mutation: You are covered in fur. (AC +1) [Jiyva's
                  | grace]
 12931 | Lair:4   | Gained mutation: You are covered in thick fur. (AC +2)
                  | [Jiyva's grace]
 12931 | Lair:4   | Gained mutation: Your thick and shaggy fur keeps you warm.
                  | (AC +3, rC+) [Jiyva's grace]
 13193 | Lair:5   | Entered Level 5 of the Lair of Beasts
 13294 | Lair:5   | Reached skill level 11 in Shields
 13346 | Lair:5   | Found a staircase to the Slime Pits.
 13586 | Lair:5   | Reached skill level 1 in Evocations
 13774 | Lair:5   | Reached XP level 15. HP: 136/136 MP: 15/15
 14101 | Lair:5   | Found a corrupted altar of Lugonu.
 14101 | Lair:5   | Found a one-way gate to the infinite horrors of the Abyss.
 14107 | Lair:5   | Got the Lectures on Lethal Jinxing
 14399 | Slime:1  | Entered Level 1 of the Pits of Slime
 14415 | Slime:1  | Noticed an acid blob
 14432 | Slime:1  | Noticed an acid blob
 14558 | Slime:2  | Noticed a rockslime
 14580 | Slime:2  | Noticed an acid blob
 14690 | Slime:3  | Noticed a rockslime
 14938 | Slime:5  | Entered Level 5 of the Pits of Slime
 14938 | Slime:5  | Noticed a rockslime
 14938 | Slime:5  | Noticed a rockslime
 14940 | Slime:5  | Noticed an acid blob
 14942 | Slime:5  | Noticed an acid blob
 14986 | Slime:5  | Noticed a rockslime
 15003 | Slime:5  | Noticed a rockslime
 15024 | Slime:5  | Noticed an azure jelly
 15026 | Slime:5  | Noticed an acid blob
 15032 | Slime:5  | Noticed an acid blob
 15044 | Slime:5  | Noticed an acid blob
 15065 | Slime:5  | Noticed an acid blob
 15081 | Slime:5  | Noticed an azure jelly
 15112 | Slime:5  | Found a viscous altar of Jiyva.
 15115 | Slime:5  | Noticed an acid blob
 15118 | Slime:5  | Noticed an acid blob
 15121 | Slime:5  | Identified the +0 pair of gloves of Experimentation {rC++
                  | Regen+ Int+2 Dex-2}
 15124 | Slime:5  | Identified the +5 broad axe "Z" {freeze, rF+ rC+ rN+ Dex+3}
 15137 | Slime:5  | Got Yserch's Vellum of the Assistive Oath
 15139 | Slime:5  | Identified the +1 falchion "Earthworm" {drain, *Noise Will+
                  | Str+3}
 15142 | Slime:5  | Identified the ring "Wareong" {Ice rElec Int-5 Dex+4
                  | Stlth+}
 15153 | Slime:5  | Got the Omnibus of Calefaction and Bedrock
 15155 | Slime:5  | Identified the ring of Puth {Wiz rElec rCorr Int+4 Dex+3}
 15161 | Slime:5  | Identified the +5 arbalest "Taguik" {antimagic, rElec Will-
                  | Str+5 Int+2}
 15176 | Slime:5  | Got a slimy rune of Zot
 15185 | Slime:5  | Identified the +2 leather armour of Blue Leaves {rElec
                  | Int+6}
 15214 | Slime:5  | Noticed an acid blob
 15215 | Slime:5  | Noticed an azure jelly
 15222 | Slime:5  | Noticed the Royal Jelly
 15254 | Slime:5  | Noticed an acid blob
 15345 | Slime:3  | Noticed an acid blob
 15345 | Slime:3  | Noticed an acid blob
 15892 | Shoals:1 | Entered Level 1 of the Shoals
 15949 | Shoals:1 | Reached skill level 12 in Shields
 16613 | Shoals:2 | Found a transporter.
 16906 | Shoals:2 | Found a transporter.
 16909 | Shoals:2 | Lost mutation: Your mind is very acute. (Int +8, Str/Dex
                  | -2) [Jiyva's grace]
 16909 | Shoals:2 | Lost mutation: Your thick and shaggy fur keeps you warm.
                  | (AC +3, rC+) [Jiyva's grace]
 16909 | Shoals:2 | Lost mutation: You are covered in thick fur. (AC +2)
                  | [Jiyva's grace]
 16909 | Shoals:2 | Lost mutation: Your body has grown many eyes which may
                  | confuse attackers. (Acc +5) [Jiyva's grace]
 16909 | Shoals:2 | Lost mutation: You occasionally lose the ability to drink
                  | potions when taking damage. [Jiyva's grace]
 16909 | Shoals:2 | Lost mutation: Your melee attacks may engulf your foes in
                  | ooze. [Jiyva's grace]
 16909 | Shoals:2 | Gained mutation: Your muscles are strong. (Str +4, Int/Dex
                  | -1) [Jiyva's grace]
 16909 | Shoals:2 | Gained mutation: Your muscles are very strong. (Str +8,
                  | Int/Dex -2) [Jiyva's grace]
 16909 | Shoals:2 | Gained mutation: You have an increased reservoir of magic.
                  | (+10% MP) [Jiyva's grace]
 16909 | Shoals:2 | Gained mutation: You have a considerably increased
                  | reservoir of magic. (+20% MP) [Jiyva's grace]
 16912 | Shoals:2 | Found a transporter.
 16918 | Shoals:2 | Noticed Polyphemus
 16918 | Shoals:2 | Found a transporter.
 16918 | Shoals:2 | Found a transporter.
 16939 | Shoals:2 | Killed Polyphemus
 16982 | Shoals:2 | Found a transporter.
 17104 | Shoals:3 | Reached XP level 16. HP: 148/148 MP: 19/19
 17139 | Shoals:3 | Found Adoozi Ydit's Distillery.
 17159 | Shoals:3 | Bought a potion of heal wounds for 70 gold pieces
 17159 | Shoals:3 | Bought a potion of heal wounds for 70 gold pieces
 17159 | Shoals:3 | Bought a potion of berserk rage for 70 gold pieces
 17172 | Shoals:3 | Found Liahurchimux's Book Shoppe.
 17190 | Shoals:3 | Found Zuutsepn's Antique Armour Emporium.
 17242 | Shoals:3 | Bought a pair of glowing gloves for 262 gold pieces
 17295 | Shoals:3 | Reached skill level 13 in Shields
 17518 | Shoals:3 | Found Osiurus's General Store.
 17726 | Shoals:4 | Entered Level 4 of the Shoals
 17844 | Shoals:4 | Got a barnacled rune of Zot
 18035 | Shoals:4 | Got the Parchment of Translocation and Invitation
 18141 | Shoals:4 | Found the +3 greatsling "Punk" {acid, rCorr}
 18293 | Shoals:4 | Identified the +5 rapier "Zumpomo" {drain, *Noise rElec
                  | rN+}
 18617 | Shoals:2 | Reached skill level 14 in Shields
 18762 | Lair:2   | Killed DeathPants's ghost
 18831 | Spider:1 | Lost mutation: You have a pair of horns on your head.
                  | [Jiyva's grace]
 18831 | Spider:1 | Lost mutation: You have a considerably increased reservoir
                  | of magic. (+20% MP) [Jiyva's grace]
 18831 | Spider:1 | Lost mutation: You have an increased reservoir of magic.
                  | (+10% MP) [Jiyva's grace]
 18831 | Spider:1 | Lost mutation: You are covered in fur. (AC +1) [Jiyva's
                  | grace]
 18831 | Spider:1 | Gained mutation: Your translucent skin slightly reduces
                  | your foes' accuracy. (Stealth+) [Jiyva's grace]
 18831 | Spider:1 | Gained mutation: Your translucent skin reduces your foes'
                  | accuracy. (Stealth+) [Jiyva's grace]
 18831 | Spider:1 | Gained mutation: Your transparent skin significantly
                  | reduces your foes' accuracy. (Stealth+) [Jiyva's grace]
 18831 | Spider:1 | Gained mutation: You are robust. (+10% HP) [Jiyva's grace]
 19354 | Spider:2 | Reached XP level 17. HP: 173/173 MP: 17/17
 19700 | Spider:2 | Reached skill level 15 in Armour
 20433 | Spider:3 | Reached skill level 15 in Shields
 20493 | Spider:3 | Noticed Bai Suzhen
 20510 | Spider:3 | Killed Bai Suzhen
 20522 | Spider:3 | Noticed Louise
 20536 | Spider:3 | Killed Louise
 20754 | Spider:3 | Lost mutation: You are robust. (+10% HP) [Jiyva's grace]
 20754 | Spider:3 | Lost mutation: Your transparent skin significantly reduces
                  | your foes' accuracy. (Stealth+) [Jiyva's grace]
 20754 | Spider:3 | Gained mutation: You have acidic saliva. [Jiyva's grace]
 20754 | Spider:3 | Gained mutation: You are partially covered in large bone
                  | plates. (SH +4) [Jiyva's grace]
 20754 | Spider:3 | Gained mutation: You are mostly covered in large bone
                  | plates. (SH +6) [Jiyva's grace]
 20754 | Spider:3 | Gained mutation: You are completely covered in large bone
                  | plates. (SH +8) [Jiyva's grace]
 21018 | Spider:4 | Entered Level 4 of the Spider Nest
 21018 | Spider:4 | Found the +5 robe of Night {Dark Will+ SInv}
 21321 | Spider:4 | Reached skill level 16 in Shields
 21448 | Spider:4 | Reached XP level 18. HP: 170/170 MP: 1/18
 21878 | Spider:4 | Identified the +1 pair of gloves of Catatonia {rC- Regen+
                  | Int+4}
 21901 | Spider:4 | Got a gossamer rune of Zot
 22628 | Lair:5   | Voluntarily entered the Abyss.
 22674 | Abyss:2  | Found a viscous altar of Jiyva.
 22711 | Abyss:3  | Noticed a lich
 22717 | Abyss:3  | Killed a lich
 22812 | Abyss:3  | Gained mutation: Your body sometimes deteriorates upon
                  | taking damage. [a neqoxec]
 22813 | Abyss:3  | Gained mutation: Your body often deteriorates upon taking
                  | damage. [a neqoxec]
 22886 | Abyss:3  | Paralysed by accursed screaming for 1 turns
 22897 | Abyss:3  | Reached skill level 17 in Shields
 22897 | Abyss:3  | Noticed a lich
 22913 | Abyss:3  | Killed a lich
 23141 | Abyss:3  | Noticed a Hell Sentinel
 23168 | Abyss:3  | Killed a Hell Sentinel
 23187 | Lair:5   | Escaped the Abyss
 23965 | D:13     | Found a flickering gateway to a bazaar.
 23983 | Bazaar   | Entered a bazaar
 23983 | Bazaar   | Found Weimpos's General Store.
 23983 | Bazaar   | Found Titsex's Weapon Emporium.
 23984 | Bazaar   | Found Waicymuts's Armour Shoppe.
 23984 | Bazaar   | Found Moppes's Antique Armour Emporium.
 24623 | D:14     | Lost mutation: You are partially covered in iridescent
                  | scales. (AC +2) [Jiyva's grace]
 24623 | D:14     | Lost mutation: You are completely covered in large bone
                  | plates. (SH +8) [Jiyva's grace]
 24623 | D:14     | Lost mutation: Your muscles are very strong. (Str +8,
                  | Int/Dex -2) [Jiyva's grace]
 24623 | D:14     | Lost mutation: Your body has grown eyes which may confuse
                  | attackers. (Acc +3) [Jiyva's grace]
 24623 | D:14     | Gained mutation: You are agile. (Dex +4, Str/Int -1)
                  | [Jiyva's grace]
 24623 | D:14     | Gained mutation: You are very agile. (Dex +8, Str/Int -2)
                  | [Jiyva's grace]
 24623 | D:14     | Gained mutation: Your spells are a little harder to cast,
                  | but a little more powerful. [Jiyva's grace]
 24623 | D:14     | Gained mutation: Your spells are harder to cast, but more
                  | powerful. [Jiyva's grace]
 24895 | D:14     | Found a gate to the Vaults.
 24905 | Vaults:1 | Entered Level 1 of the Vaults
 25188 | Vaults:1 | Reached skill level 18 in Shields
 25543 | Vaults:1 | Reached XP level 19. HP: 179/179 MP: 19/19
 25677 | Vaults:1 | Lost mutation: You have a pair of small horns on your head.
                  | [Jiyva's grace]
 25677 | Vaults:1 | Lost mutation: You are mostly covered in large bone plates.
                  | (SH +6) [Jiyva's grace]
 25677 | Vaults:1 | Lost mutation: Your spells are harder to cast, but more
                  | powerful. [Jiyva's grace]
 25677 | Vaults:1 | Gained mutation: Your spells are harder to cast, but more
                  | powerful. [Jiyva's grace]
 25677 | Vaults:1 | Gained mutation: Your spells are much harder to cast, but
                  | much more powerful. [Jiyva's grace]
 25677 | Vaults:1 | Gained mutation: You are mostly covered in large bone
                  | plates. (SH +6) [Jiyva's grace]
 25677 | Vaults:1 | Gained mutation: You are completely covered in large bone
                  | plates. (SH +8) [Jiyva's grace]
 26317 | Vaults:2 | Reached skill level 15 in Fighting
 26411 | Vaults:2 | Found Jesiq's Antique Armour Shop.
 26420 | Vaults:2 | Bought an embroidered cloak for 202 gold pieces
 26486 | Vaults:2 | Reached skill level 19 in Shields
 26657 | Vaults:2 | Found a flickering gateway to a bazaar.
 26664 | Bazaar   | Entered a bazaar
 26664 | Bazaar   | Found Veralam's Antique Armour Emporium.
 26664 | Bazaar   | Found Odamon's General Store.
 26664 | Bazaar   | Found Reproasmif's Antique Armour Shoppe.
 26666 | Bazaar   | Found Desed's Weapon Boutique.
 26666 | Bazaar   | Found Muahoec's Antique Armour Shoppe.
 26718 | Bazaar   | Bought a distressingly furry robe for 165 gold pieces
 26718 | Bazaar   | Identified the +4 robe of the Lotus Blossom {rC+ Int+4
                  | Stlth-} (You bought it in a shop in a bazaar)
 26772 | Abyss:3  | Found a corrupted altar of Lugonu.
 26772 | Abyss:3  | Cast into level 3 of the Abyss (a wizard)
 26778 | Abyss:3  | Found a corrupted altar of Lugonu.
 26910 | Abyss:4  | Found a corrupted altar of Lugonu.
 27166 | Abyss:4  | Paralysed by accursed screaming for 1 turns
 27175 | Abyss:4  | Paralysed by accursed screaming for 2 turns
 27181 | Abyss:4  | Paralysed by accursed screaming for 1 turns
 27214 | Vaults:2 | Escaped the Abyss
 27607 | Vaults:2 | Found a staircase to the Crypt.
 28189 | Crypt:1  | Entered Level 1 of the Crypt
 28257 | Crypt:1  | Reached skill level 20 in Shields
 28262 | Crypt:1  | Reached XP level 20. HP: 191/191 MP: 20/20
 28377 | Crypt:1  | Lost mutation: You are completely covered in large bone
                  | plates. (SH +8) [Jiyva's grace]
 28377 | Crypt:1  | Lost mutation: You are very agile. (Dex +8, Str/Int -2)
                  | [Jiyva's grace]
 28377 | Crypt:1  | Lost mutation: Your spells are much harder to cast, but
                  | much more powerful. [Jiyva's grace]
 28377 | Crypt:1  | Gained mutation: You are robust. (+10% HP) [Jiyva's grace]
 28377 | Crypt:1  | Gained mutation: You are very robust. (+20% HP) [Jiyva's
                  | grace]
 28377 | Crypt:1  | Gained mutation: You are extremely robust. (+30% HP)
                  | [Jiyva's grace]
 28377 | Crypt:1  | Gained mutation: You are very agile. (Dex +8, Str/Int -2)
                  | [Jiyva's grace]
 29244 | Crypt:2  | Identified the ring of Liberty {Ice Will+}
 29244 | Crypt:2  | Noticed Josephina
 29272 | Crypt:2  | Killed Josephina
 30039 | Crypt:3  | Entered Level 3 of the Crypt
 30046 | Crypt:3  | Paralysed by a vampire knight for 2 turns
 30143 | Crypt:3  | Reached skill level 21 in Shields
 30361 | Crypt:3  | Lost mutation: You are mostly covered in large bone plates.
                  | (SH +6) [Jiyva's grace]
 30361 | Crypt:3  | Lost mutation: You are very agile. (Dex +8, Str/Int -2)
                  | [Jiyva's grace]
 30361 | Crypt:3  | Lost mutation: You have acidic saliva. [Jiyva's grace]
 30361 | Crypt:3  | Lost mutation: Your translucent skin reduces your foes'
                  | accuracy. (Stealth+) [Jiyva's grace]
 30361 | Crypt:3  | Gained mutation: Armour fits poorly on your pseudopods.
                  | [Jiyva's grace]
 30361 | Crypt:3  | Gained mutation: Armour fits poorly on your large
                  | pseudopods. [Jiyva's grace]
 30361 | Crypt:3  | Gained mutation: Armour fits poorly on your massive
                  | pseudopods. [Jiyva's grace]
 30361 | Crypt:3  | Gained mutation: You are strong-willed. (Will+) [Jiyva's
                  | grace]
 30391 | Crypt:3  | Found a staircase to the Tomb.
 30793 | Crypt:3  | Found a basalt altar of Yredelemnul.
 30829 | Crypt:3  | Identified the +11 bardiche "Ropos" {drain, Drain Fly
                  | Str+3}
 30833 | Crypt:3  | Identified the +3 shortbow of the Stork {speed, rElec Str+6
                  | Dex+2 Stlth-}
 30992 | Crypt:3  | Reached XP level 21. HP: 238/258 MP: 21/21
 31123 | Crypt:3  | Identified the +8 broad axe "Naatek" {pain, rF+ Dex+7 SInv
                  | Stlth+}
 31418 | Tomb:1   | Entered Level 1 of the Tomb of the Ancients
 31514 | Tomb:1   | Reached skill level 22 in Shields
 31788 | Tomb:1   | Noticed a royal mummy
 31791 | Tomb:1   | Noticed a royal mummy
 31803 | Tomb:1   | HP: 11/253 [revenant/ghostly fireball (15)]
 31803 | Tomb:1   | HP: 4/253 [lich/bolt of cold (7)]
 31804 | Tomb:1   | HP: 1/253 [death scarab[a royal mummy] (10)]
 31804 | Tomb:1   | Slain by a lich

Illustrated notes

Levels and vault maps discovered:
D:1:      minmay_arrival_five_plusses, layout_basic,
          nicolae_concentric_dashed_squares_mild, st_stairs_3
D:2:      minmay_chambers_of_ones, layout_rooms, nicolae_ecumenical_pavilion,
          dreamdust_princess_corridor
D:3:      layout_basic, doesnt_xom_only_xom, kennysheep_another_room
D:4:      layout_layer_cave
D:5:      layout_loops_ring, lemuel_round_altar
D:6:      layout_basic, minmay_temple_entry_nine_rooms,
          minmay_hollow_rounded_squares, uniq_eustachio, uniq_maggie
D:7:      layout_basic, nicolae_dithmenos_the_darkroom,
          mainiacjoe_overflow_chevrons
D:8:      nicolae_whirlpool, layout_cave_pools, bloody_trog,
          nicolae_grassy_gnolls
D:9:      layout_grid_maze, grunt_temple_overflow_diamond, serial_shops,
          shop_statue
D:10:     layout_layer_cave, nicolae_trove_entry_path_of_doom
D:11:     layout_loops_ring, david_lair_shrubbed, david_orc_2, minivault_13,
          uniq_erolcha
D:12:     layout_roguey [special_room_orc], serial_shops,
          nicolae_lakefront_shop, uniq_snorg, uniq_lodul
D:13:     layout_loops_ring, serial_shops, bzr_entry_water
D:14:     layout_roguey, david_vaults_4, basic_altar, st_stairs_4,
          hangedman_decor_diamond_cutter, kennysheep_minor_cross,
          nicolae_sextant, kennysheep_generic_room_11
Lair:1:   layout_gridlike, st_stairs_8, eino_small_chamber_without_monster,
          serial_bayou_shore_a, grunt_megastairs_2, uniq_gastronok
Lair:2:   layout_hall_layers, hellmonk_spider_entry_life_and_decay,
          ebering_ghost_reflecting_pool, uniq_urug
Lair:3:   nzn_winding_woodlands_stair_cross [nzn_winding_woodlands_5x15_default,
          nzn_winding_woodlands_center_pierced_h,
          nzn_winding_woodlands_5x15_jagged, nzn_winding_woodlands_5x5_cross,
          nzn_winding_woodlands_5x5_three, nzn_winding_woodlands_5x15_cabin,
          nzn_winding_woodlands_center_garden,
          nzn_winding_woodlands_5x15_pockets], layout_gridlike,
          minmay_shoals_entry_lonely_mermaid, beast_lair_carwin_3,
          serial_bayou_shore_b, uniq_amaemon
Lair:4:   layout_cave_pods, kennysheep_catoblepas_arena, lemuel_fruit_fields
Lair:5:   hellmonk_lair_end_abyssal_woods, layout_gridlike,
          minmay_slime_entry_oklob_open, hangedman_lair_unloving_vines,
          nicolae_lair_liquid_snakes
Shoals:1: layout_shoals
Shoals:2: layout_shoals, serial_nicolae_subway, nicolae_sub_station_metal,
          nicolae_sub_station_stone, nicolae_sub_station_crystal,
          uniq_polyphemus
Shoals:3: layout_shoals, serial_shops, nicolae_shop_waterfront,
          nicolae_shop_hallway_stairs, shop, shop_statue
Shoals:4: shoals_end_grunt_garden, layout_shoals
Spider:1: layout_spider_delve, nicolae_spider_undead_wolf_pack
Spider:2: spider_temple_joshua, nicolae_spider_swamp_cousins
Spider:3: layout_spider_delve, nicolae_spider_webbed_stairs,
          hangedman_spider_tarantella_strand, uniq_bai_suzhen, uniq_louise
Spider:4: guppyfry_spider_rune
Slime:1:  layout_caves
Slime:2:  layout_caves, basic_altar
Slime:3:  layout_caves
Slime:4:  layout_caves, special_room [special_room_jelly]
Slime:5
Vaults:1: hangedman_vaults_hat, ontoclasm_vaults_chip,
          nicolae_vaults_little_squares_6, st_check, vaults_room_corners,
          nicolae_vaults_mini_display_case, vaults_dpeg_diagonal,
          layout_vaults_chaotic_city
Vaults:2: minmay_crypt_entry_nasty_monster, vaults_room_hallway,
          vaults_standard_mumra_lines, vaults_dpeg_spiral,
          nicolae_vaults_windows_and_doors_thing, hangedman_vaults_impose,
          nicolae_vaults_theta, ontoclasm_vaults_hangar,
          hangedman_vaults_river_flow, v_misc_29,
          nicolae_vaults_little_squares_4, vaults_mumra_minichess_inversion,
          vaults_room_mumra_shop_pool, grunt_vaults_bifocal,
          nicolae_vaults_little_squares_4, layout_vaults_ring, serial_shops,
          bzr_entry_dummy
Crypt:1:  layout_catacombs, item_on_display_a
Crypt:2:  layout_misc_corridors, uniq_josephina
Crypt:3:  church_of_pain_bobbens, layout_chaotic_city,
          nicolae_tomb_entry_rubble_hallway
Tomb:1

Skill      XL: |  1  2  3  4  5  6  7  8  9 10 11 12 13 14 15 16 17 18 19 20 21 |
---------------+----------------------------------------------------------------+-----
Armour         | 4 5 6 8 9 10 11 12 13 14 15 16 17 | 17.7
Fighting       | 3 4 5 6 7 8 9 10 11 12 13 14 15 16 17 | 17.0
Axes           | 2 3 4 5 7 8 10 11 13 14 15 16 17 18 19 20 | 20.2
Shields        | 4 5 6 7 9 10 11 12 14 16 18 20 21 22 | 22.3
Dodging        | 1 |  1.7
Stealth        | 1 2 3 4 6 7 8 |  8.9
Throwing       | 1 |  1.8
Evocations     | 1 2 |  2.1
Unarmed Combat | |  0.1

Action                   |  1- 3 |  4- 6 |  7- 9 | 10-12 | 13-15 | 16-18 | 19-21 || total
-------------------------+-------+-------+-------+-------+-------+-------+-------++-------
Melee: War axe           |   149 |    92 |    57 |       |       |       |       ||   298
       Tailslap          |    12 |     9 |    34 |    59 |   196 |   268 |   326 ||   904
       Broad axe         |       |       |   138 |   392 |   965 |  1387 |  1403 ||  4285
       Kick              |       |       |     1 |    17 |       |       |       ||    18
       Headbutt          |       |       |       |    71 |   251 |   386 |     1 ||   709
       Bite              |       |       |       |       |       |   129 |   176 ||   305
       Unarmed           |       |       |       |       |       |     3 |       ||     3
       Pseudopods        |       |       |       |       |       |       |   121 ||   121
Throw: Boomerang         |       |       |       |     4 |    13 |       |       ||    17
Invok: Oozemancy         |       |       |     1 |     2 |     3 |     1 |     6 ||    13
       Slimify           |       |       |       |     1 |       |       |       ||     1
Evoke: Wand              |       |       |       |       |    15 |     5 |     6 ||    26
  Use: Scroll            |     7 |     3 |     4 |     4 |     9 |     2 |     4 ||    33
       Potion            |       |       |     1 |     3 |     2 |    11 |     6 ||    23
 Stab: Fleeing           |       |       |     1 |       |       |       |       ||     1
       Confused          |       |       |       |     4 |    29 |    17 |       ||    50
       Distracted        |       |       |       |       |     1 |     2 |     1 ||     4
       Invisible         |       |       |       |       |     1 |       |     1 ||     2
       Petrified         |       |       |       |       |     5 |       |       ||     5
       Held in net/web   |       |       |       |       |     1 |     2 |       ||     3
Armor: Chain mail        |    94 |    53 |    42 |       |       |       |       ||   189
       Crystal plate arm |       |       |    60 |   278 |   643 |   903 |   659 ||  2543
Dodge: Dodged            |    39 |    31 |    97 |   150 |   198 |   200 |    65 ||   780
Block: Buckler           |    35 |    23 |    33 |    27 |       |       |       ||   118
       Kite shield       |       |       |       |   183 |   699 |   488 |       ||  1370
       Reflection        |       |       |       |       |    17 |    54 |    34 ||   105
       Tower shield      |       |       |       |       |       |  1067 |  1722 ||  2789

Table legend: (Time is in decaauts)
 A = Elapsed time spent in this place.
 B = Non-inter-level travel time spent in this place.
 C = Inter-level travel time spent in this place.
 D = Time resting spent in this place.
 E = Time spent auto-exploring this place.
 F = Levels seen in this place.
 G = Mean time per level.
                   A        B        C        D        E       F      G
               +--------+--------+--------+--------+--------+-----+--------+
         Total |  31953 |  29980 |   1973 |    828 |  18642 |  45 |  710.1 |
       Dungeon |  10801 |  10321 |    480 |    374 |   7433 |  14 |  771.5 |
          Lair |   6247 |   5419 |    828 |     51 |   3169 |   5 | 1249.4 |
        Shoals |   3095 |   3017 |     78 |      5 |   1757 |   4 |  773.8 |
   Spider Nest |   3466 |   3180 |    286 |    220 |   1798 |   4 |  866.5 |
    Slime Pits |   1184 |   1127 |     57 |      0 |    745 |   5 |  236.8 |
        Vaults |   2675 |   2598 |     77 |    148 |   1482 |   2 | 1337.5 |
         Crypt |   3031 |   2864 |    167 |      6 |   1821 |   3 | 1010.3 |
          Tomb |    381 |    381 |      0 |      0 |    209 |   1 |  381.0 |
         Abyss |    957 |    957 |      0 |     24 |    208 |   5 |  191.4 |
        Bazaar |    111 |    111 |      0 |      0 |     19 |   2 |   55.5 |
               +--------+--------+--------+--------+--------+-----+--------+

Top non-repeatable levels by time:
  Lair:5: 1727 daAuts
  Lair:3: 1409 daAuts
Vaults:2: 1409 daAuts
 Crypt:3: 1282 daAuts
Vaults:1: 1266 daAuts
Spider:2: 1239 daAuts
    D:10: 1194 daAuts
     D:4: 1068 daAuts
  Lair:2: 1065 daAuts
  Lair:4: 1048 daAuts
  Lair:1: 997 daAuts
 Crypt:1: 992 daAuts
Spider:4: 981 daAuts
    D:11: 968 daAuts
     D:1: 945 daAuts
